 Dungeon Crawl Stone Soup version 0.26-a0-812-g31a745ddcd (webtiles) character file.

Game seed: 2555669531005439249

11463 Zanek the Geomancer (level 11, -6/64 HPs)
             Began as a Gargoyle Earth Elementalist on Nov 14, 2020.
             Was an Elder of Vehumet.
             Mangled by a tengu warrior
             ... wielding a +3 vampiric war axe
              (17 damage)
             ... on level 14 of the Dungeon.
             The game lasted 00:32:24 (12676 turns).

Zanek the Geomancer (Gargoyle Earth Elementalist)  Turns: 12676, Time: 00:32:24

Health: -6/64      AC: 15    Str: 11    XL:     11   Next: 78%
Magic:  13/21      EV: 15    Int: 20    God:    Vehumet [****..]
Gold:   734        SH:  0    Dex: 16    Spells: 10/24 levels left

rFire    . . .     SeeInvis +   u - +5 morningstar (drain)
rCold    . . .     Faith    .   (no shield)
rNeg     + . .     Spirit   .   y - +2 robe {MR+}
rPois    ∞         Reflect  .   (no helmet)
rElec    +         Harm     .   k - +2 cloak
rCorr    .         Rampage  .   (no gloves)
MR       +....                  (no boots)
Stlth    ++........             n - amulet of regeneration
HPRegen  0.60/turn              j - +6 ring of dexterity
MPRegen  0.17/turn              m - ring of see invisible

@: about to teleport
A: negative energy resistance 1, electricity resistance, unbreathing,
petrification resistance, rot immunity, AC +8
a: Renounce Religion


You were on level 14 of the Dungeon.
You worshipped Vehumet.
Vehumet was greatly pleased with you.
You visited 2 branches of the dungeon, and saw 14 of its levels.

You collected 1849 gold pieces.
You spent 1115 gold pieces at shops.

Inventory:

Hand Weapons
 u - a +5 morningstar of draining (weapon)
 w - a +2 dire flail of protection
Missiles
 b - 296 stones (quivered)
Armour
 k - a +2 cloak (worn)
 y - a +2 robe of magic resistance (worn)
Jewellery
 f - an uncursed ring of ice
 j - a +6 ring of dexterity (left hand)
 m - a ring of see invisible (right hand)
 n - an amulet of regeneration (around neck)
 B - an uncursed amulet of reflection
Wands
 l - a wand of random effects (38)
 r - a wand of digging (6)
 t - a wand of flame (66)
 A - a wand of acid (4)
Scrolls
 c - a scroll of magic mapping
 h - 3 scrolls of teleportation
 o - 3 scrolls of remove curse
 p - 2 scrolls of blinking
 q - 9 scrolls of identify
Potions
 a - 3 potions of invisibility
 d - 3 potions of curing
 e - 3 potions of attraction
 g - 4 potions of haste
 i - 4 potions of lignification
 s - a potion of brilliance
 v - 2 potions of flight
 z - a potion of ambrosia
Miscellaneous
 x - a lightning rod (4/4)


   Skills:
 + Level 6.0 Fighting
 + Level 5.5 Maces & Flails
 - Level 6.0 Armour
 + Level 4.9 Dodging
 - Level 2.1 Stealth
 + Level 7.2 Spellcasting
 + Level 7.8 Conjurations
   Level 0.7 Transmutations
 * Level 3.1 Fire Magic
 + Level 9.8 Earth Magic
 + Level 5.1 Evocations


You had 10 spell levels left.
You knew the following spells:

 Your Spells              Type           Power        Failure   Level
a - Sandblast             Erth           #####.       1%          1
b - Stone Arrow           Conj/Erth      #####.       1%          3
c - Lee's Rapid Deconstr  Erth           #####.....   1%          5
e - Bolt of Magma         Conj/Fire/Erth #####.....   4%          5

Your spell library contained the following spells:

 Spells                   Type           Power        Failure   Level
 Shock                    Conj/Air       ###.         1%          1
 Passwall                 Tmut/Erth      ####....     1%          2
 Conjure Flame            Conj/Fire      ####....     1%          3
 Static Discharge         Conj/Air       ###.....     1%          3
 Mephitic Cloud           Conj/Pois/Air  ###.....     2%          3
 Animate Skeleton         Necr           #.....       10%         1
 Apportation              Tloc           #.....       10%         1
 Corona                   Hex            #......      10%         1
 Summon Small Mammal      Summ           #...         10%         1
 Petrify                  Tmut/Erth      ####....     11%         4
 Lightning Bolt           Conj/Air       ###.......   13%         5
 Call Imp                 Summ           #.......     14%         2
 Poisonous Vapours        Pois/Air       #.....       14%         2
 Swiftness                Air            #.......     14%         2
 Airstrike                Air            #.........   24%         4
 Call Canine Familiar     Summ           #.......     28%         3
 Summon Guardian Golem    Hex/Summ       #.......     28%         3
 Summon Ice Beast         Ice/Summ       #.......     67%         4
 Summon Lightning Spire   Summ/Air       #.......     67%         4
 Freezing Cloud           Conj/Ice/Air   ###.......   71%         6


Dungeon Overview and Level Annotations

Branches:
Dungeon (12/15)            Temple (1/1) D:5            Lair (0/6) D:10
    Orc (0/2) D:9

Altars:
Ashenzari
Cheibriados
Dithmenos
Elyvilon
Fedhas
Gozag
Hepliaklqana
Kikubaaqudgha
Makhleb
Nemelex Xobeh
Okawaru
Qazlal
Ru
Sif Muna
Trog
Uskayaw
Vehumet
Wu Jian
Xom
Yredelemnul
Zin
The Shining One
Beogh

Shops:
D:8 ?   D:12 ?[

Annotations:
D:12 Azrael


Innate Abilities, Weirdness & Mutations

You are resistant to torment.
Your stone body is resilient. (AC +8)
You are immune to poison.
You resist negative energy. (rN+)
You are resistant to electric shocks. (rElec)
You can survive without breathing.
You are immune to petrification.
You are immune to rotting.


Message History

The tengu warrior hits you with a +3 vampiric war axe!
* * * LOW HITPOINT WARNING * * *
The tengu warrior pecks you but does no damage.
The tengu warrior claws you.
* * * LOW HITPOINT WARNING * * *
Casting: Sandblast (safe; 1% risk of failure)
Confirm with . or Enter, or press ? or * to list all spells.
Aiming: Sandblast (safe; 1% risk of failure)
Press: ? - help, Shift-Dir - straight line, f/p - tengu warrior
Aim: a tengu warrior, wielding a +3 vampiric war axe, wearing a +0 ring mail and wearing a +1 buckler of resistance (heavily wounded)
The blast of sand misses the tengu warrior.
b - 296 stones The tengu warrior hits you but does no damage.
The tengu warrior pecks you but does no damage.
The tengu warrior claws you.
* * * LOW HITPOINT WARNING * * *
As you read the scroll of teleportation, it crumbles to dust.
You feel strangely unstable.
The tengu warrior hits you with a +3 vampiric war axe!
You die...

#.....#............##..##...#
#....##...##...##..##### ...#
##...##...##...##'## ..#
###...##........#. ..#
#......#........' .+
#.....##..###..##
########..###..###.#
#.)...##...........#
#............@Q....#
+.....##..###..###'#
########### #### ######
.....##+


You could see a tengu warrior.

Vanquished Creatures
  2 two-headed ogres
  Erica (D:8)
  Joseph (D:7)
  A gargoyle (D:14)
  An efreet (D:14)
  2 centaur skeletons (D:14)
  A komodo dragon (D:10)
  2 wraiths
  4 yaks (D:12)
  A steam dragon (D:14)
  2 water moccasins
  10 orc warriors
  2 sky beasts
  3 phantoms
  An ice beast (D:8)
  8 ogres
  5 centaurs
  A necrophage (D:8)
  8 bullfrogs
  A big kobold (D:9)
  2 wyvern zombies
  5 scorpions
  13 killer bees
  11 wights
  4 howler monkeys
  2 bullfrog zombies
  2 centaur zombies
  A quasit (D:10)
  9 hounds
  3 jellies
  3 bullfrog skeletons
  8 orc wizards
  6 orc priests
  4 iguanas
  6 worker ants
  Natasha (thrice) (D:2)
  A hound skeleton (D:7)
  2 howler monkey zombies
  17 adders
  3 gnolls (D:3)
  A shadow imp (D:8)
  2 white imps (D:5)
  2 ufetubi
  An adder zombie (D:5)
  4 adder skeletons
  2 worms
  3 dart slugs (D:2)
  8 leopard geckos
  60 orcs
  8 bats
  6 giant cockroaches
  2 gnoll zombies (D:5)
  8 goblins
  8 hobgoblins
  15 jackals
  4 quokkas
  3 ball pythons
  5 frilled lizards
  15 kobolds
  A quokka zombie (D:6)
  2 rats
322 creatures vanquished.

Vanquished Creatures (collateral kills)
  A wight (D:9)
1 creature vanquished.

Vanquished Creatures (others)
  2 wights (D:9)
  An orc (D:9)
  A hound (D:9)
  3 plants (D:10)
7 creatures vanquished.

Grand Total: 330 creatures vanquished

Notes
Turn   | Place    | Note
-------+----------+-------------------------------------------
     0 | D:1      | Zanek the Gargoyle Earth Elementalist began the quest for
                  | the Orb.
     0 | D:1      | Reached XP level 1. HP: 10/10 MP: 3/3
   218 | D:1      | Reached XP level 2. HP: 15/15 MP: 3/5
   219 | D:1      | Reached skill level 4 in Earth Magic
   833 | D:1      | Reached XP level 3. HP: 13/19 MP: 4/6
   842 | D:1      | Learned a level 3 spell: Stone Arrow
   990 | D:2      | Found a glowing golden altar of the Shining One.
  1366 | D:2      | Reached skill level 1 in Conjurations
  1431 | D:2      | Reached XP level 4. HP: 13/24 MP: 8/8
  1440 | D:2      | Noticed Natasha
  1447 | D:2      | Killed Natasha
  1664 | D:2      | Reached skill level 5 in Earth Magic
  1664 | D:2      | Reached XP level 5. HP: 10/28 MP: 0/9
  1866 | D:2      | Learned a level 5 spell: Lee's Rapid Deconstruction
  1958 | D:2      | Noticed Natasha
  1988 | D:2      | Killed Natasha
  2018 | D:2      | Noticed Natasha
  2025 | D:2      | Killed Natasha
  2493 | D:3      | Found an opulent altar of Gozag.
  2827 | D:3      | Reached XP level 6. HP: 27/32 MP: 6/11
  3385 | D:4      | Reached skill level 6 in Earth Magic
  3511 | D:4      | Reached XP level 7. HP: 12/36 MP: 11/13
  4276 | D:5      | Entered Level 5 of the Dungeon
  4630 | D:5      | Reached skill level 7 in Earth Magic
  4697 | D:5      | Found a staircase to the Ecumenical Temple.
  4707 | Temple   | Entered the Ecumenical Temple
  4765 | Temple   | Became a worshipper of Vehumet
  4806 | D:5      | Reached skill level 5 in Spellcasting
  4910 | D:5      | Found a broken altar of Ashenzari.
  4912 | D:5      | Found a sparkling altar of Nemelex Xobeh.
  5015 | D:5      | Reached XP level 8. HP: 42/42 MP: 8/15
  5096 | D:5      | Reached skill level 1 in Fighting
  5096 | D:5      | Reached skill level 1 in Armour
  5127 | D:5      | Found a basalt altar of Yredelemnul.
  5148 | D:6      | Reached skill level 1 in Maces & Flails
  5148 | D:6      | Reached skill level 5 in Conjurations
  5192 | D:6      | Found a shimmering altar of Xom.
  5245 | D:6      | Reached skill level 1 in Evocations
  6144 | D:6      | Reached * piety under Vehumet
  6144 | D:6      | Offered knowledge of Foxfire by Vehumet.
  6470 | D:7      | Reached XP level 9. HP: 49/49 MP: 14/17
  6581 | D:7      | Noticed Joseph
  6596 | D:7      | Killed Joseph
  6651 | D:7      | Found a white marble altar of Elyvilon.
  6736 | D:7      | Reached skill level 8 in Earth Magic
  7413 | D:8      | Found Titiepp's Magic Scroll Shoppe.
  7434 | D:8      | Bought a scroll of blinking for 90 gold pieces
  7434 | D:8      | Bought a scroll of identify for 24 gold pieces
  7434 | D:8      | Bought a scroll of teleportation for 36 gold pieces
  7434 | D:8      | Bought a scroll of identify for 24 gold pieces
  7434 | D:8      | Bought a scroll of identify for 24 gold pieces
  7719 | D:8      | Gained mutation: Your muscles are strong. (Str +2) [potion
                  | of mutation]
  7719 | D:8      | Lost mutation: Your muscles are strong. (Str +2) [potion of
                  | mutation]
  7719 | D:8      | Gained mutation: Your magical capacity is low. (-10% MP)
                  | [potion of mutation]
  7719 | D:8      | Lost mutation: Your magical capacity is low. (-10% MP)
                  | [potion of mutation]
  8023 | D:8      | Noticed Erica
  8035 | D:8      | Killed Erica
  8035 | D:8      | Reached XP level 10. HP: 19/56 MP: 10/19
  8186 | D:8      | Offered knowledge of Freeze by Vehumet.
  8194 | D:8      | Reached ** piety under Vehumet
  8319 | D:9      | Found a shimmering altar of Xom.
  8396 | D:9      | Found an iron altar of Okawaru.
  8545 | D:9      | Found a sacrificial altar of Ru.
  8754 | D:9      | Found a roughly hewn altar of Beogh.
  8827 | D:9      | Offered knowledge of Frozen Ramparts by Vehumet.
  8919 | D:9      | Found a staircase to the Orcish Mines.
  9078 | D:9      | Reached *** piety under Vehumet
  9101 | D:9      | Found a blossoming altar of Fedhas.
  9206 | D:9      | Reached skill level 9 in Earth Magic
  9445 | D:10     | Entered Level 10 of the Dungeon
  9562 | D:10     | Noticed a two-headed ogre
  9582 | D:10     | Reached skill level 5 in Fighting
  9583 | D:10     | Offered knowledge of Hailstorm by Vehumet.
  9593 | D:10     | Killed a two-headed ogre
  9593 | D:10     | Reached skill level 5 in Armour
  9593 | D:10     | Reached XP level 11. HP: 61/64 MP: 3/21
  9923 | D:10     | Reached **** piety under Vehumet
 10111 | D:10     | Found a staircase to the Lair.
 10893 | D:11     | Identified a scroll of acquirement
 10893 | D:11     | Acquired 345 gold pieces
 10946 | D:11     | Offered knowledge of Bolt of Magma by Vehumet.
 10953 | D:11     | Learned a level 5 spell: Bolt of Magma
 11043 | D:11     | Reached skill level 5 in Maces & Flails
 11580 | D:12     | Noticed a two-headed ogre
 11584 | D:12     | Killed a two-headed ogre
 11584 | D:12     | Reached skill level 1 in Fire Magic
 11752 | D:12     | Found a snail-covered altar of Cheibriados.
 11753 | D:12     | Found Cheibriados's Comfort Zone.
 11831 | D:12     | Noticed Azrael
 12060 | D:12     | Found Ororirir's Magic Scroll Boutique.
 12068 | D:12     | Bought a scroll of acquirement for 728 gold pieces
 12068 | D:12     | Acquired 888 gold pieces
 12072 | D:12     | Bought a scroll of enchant weapon for 105 gold pieces
 12072 | D:12     | Bought a scroll of identify for 28 gold pieces
 12072 | D:12     | Bought a scroll of identify for 28 gold pieces
 12073 | D:12     | Bought a scroll of identify for 28 gold pieces
 12116 | D:12     | You fall into a shaft and drop 2 floors!
 12117 | D:14     | Noticed a boulder beetle
 12268 | D:14     | Reached skill level 5 in Evocations
 12467 | D:14     | Noticed an orc knight
 12476 | D:14     | Noticed a manticore
 12663 | D:14     | Noticed a tengu warrior
 12676 | D:14     | Mangled by a tengu warrior

Illustrated notes

Levels and vault maps discovered:
D:1:      lightli_arrival_boilingwater, layout_rooms
D:2:      layout_basic, nicolae_tso_carved_into_rock, uniq_natasha
D:3:      layout_loops_cross, grunt_gozag_statues
D:4:      layout_loops_ring
D:5:      layout_rooms, lemuel_zombie_altar_yredelemnul,
          gammafunk_temple_overflow_statue, temple_statues,
          chequers_hall_statues_corner_a, kennysheep_another_room
D:6:      layout_layer_cave, basic_altar
D:7:      layout_loops_ring, nicolae_overflow_hidden_temple,
          nicolae_ossuary_entry_ruins, uniq_joseph
D:8:      layout_rooms, serial_shops, nicolae_shop_statue_plus, uniq_erica
D:9:      layout_basic, marbit_many_paths, lemuel_doored_altar, fedhas_altar_4,
          david_orc_5, brannock_xom_greatest_gift
D:10:     layout_big_octagon, david_lair_shrubbed, minmay_hedge_maze
D:11:     layout_basic
D:12:     layout_irregular_city, serial_shops, nicolae_shop_stone,
          minmay_shop_chei, nicolae_underground_beach, uniq_azrael
D:14:     layout_gridville, grunt_vaults_entry_fortified, special_room
          [special_room_mythical_zoo], serial_shops, shop, minmay_misc_feat_x
Temple:   cyrus_circular_temple

Skill      XL: |  1  2  3  4  5  6  7  8  9 10 11 |
---------------+----------------------------------+-----
Earth Magic    | 4 5 6 7 8 9 |  9.8
Conjurations   | 1 2 3 4 5 6 7 |  7.8
Spellcasting   | 3 4 5 6 7 |  7.2
Fighting       | 2 4 5 6 |  6.0
Armour         | 2 4 5 6 |  6.0
Maces & Flails | 2 3 4 5 |  5.5
Evocations     | 2 3 4 5 |  5.1
Dodging        | 2 3 4 |  4.9
Fire Magic     | 3 |  3.1
Stealth        | |  2.1
Transmutations | |  0.7

Action                   |  1- 3 |  4- 6 |  7- 9 | 10-12 || total
-------------------------+-------+-------+-------+-------++-------
Melee: Dagger            |    94 |    64 |       |       ||   158
       Spear             |       |    54 |   253 |       ||   307
       Morningstar       |       |       |     9 |   317 ||   326
 Cast: Sandblast         |    26 |    50 |    79 |    51 ||   206
       Stone Arrow       |       |       |     9 |    19 ||    28
       Lee's Rapid Decon |       |       |     2 |    28 ||    30
       Bolt of Magma     |       |       |       |    13 ||    13
Evoke: Wand              |       |       |     2 |     9 ||    11
  Use: Scroll            |       |     7 |    10 |    16 ||    33
       Potion            |       |       |     2 |     2 ||     4
 Stab: Sleeping          |     2 |     3 |     6 |     1 ||    12
       Distracted        |     1 |       |       |     1 ||     2
Armor: Robe              |    46 |    44 |    84 |   208 ||   382
Dodge: Dodged            |    56 |    87 |   190 |   438 ||   771

Table legend: (Time is in decaauts)
 A = Elapsed time spent in this place.
 B = Non-inter-level travel time spent in this place.
 C = Inter-level travel time spent in this place.
 D = Time resting spent in this place.
 E = Time spent auto-exploring this place.
 F = Levels seen in this place.
 G = Mean time per level.
                   A        B        C        D        E       F      G
               +--------+--------+--------+--------+--------+-----+--------+
         Total |  12811 |  12160 |    651 |   1572 |   7356 |  14 |  915.1 |
       Dungeon |  12740 |  12102 |    638 |   1572 |   7321 |  13 |  980.0 |
        Temple |     71 |     58 |     13 |      0 |     35 |   1 |   71.0 |
               +--------+--------+--------+--------+--------+-----+--------+

Top non-repeatable levels by time:
     D:2: 1369 daAuts
     D:6: 1274 daAuts
     D:9: 1229 daAuts
    D:10: 1166 daAuts
     D:4: 1041 daAuts
    D:11: 1004 daAuts
     D:7: 972 daAuts
     D:3: 942 daAuts
     D:1: 942 daAuts
     D:5: 854 daAuts
     D:8: 825 daAuts
    D:14: 568 daAuts
    D:12: 548 daAuts
  Temple: 71 daAuts
